 Dungeon Crawl Stone Soup version 0.30-a0-58-gc0703345a7 (webtiles) character file.

Game seed: 1537967828680494989

7 ytrimaz the Insei (level 2, 13/18 HPs)
             Began as an Octopode Transmuter on Sept 11, 2022.
             Quit the game on level 1 of the Dungeon.
             The game lasted 00:00:16 (157 turns).

ytrimaz the Insei (Octopode Transmuter)              Turns: 157, Time: 00:00:17

Health: 13/18      AC:  1    Str:  9    XL:     2   Next: 4%
Magic:  5/5        EV: 13    Int: 15    God:
Gold:   0          SH:  0    Dex: 12    Spells: 4/5 levels left

rFire   . . .      SeeInvis .      - Unarmed
rCold   . . .      Faith    .    (no shield)
rNeg    . . .      Spirit   .    (helmet restricted)
rPois   .          Reflect  .    (no amulet)
rElec   .          Harm     .    (no ring)
rCorr   .          Rampage  .    (no ring)
Will    .....                    (no ring)
Stlth   ++........               (no ring)
HPRegen 0.06/turn                (no ring)
MPRegen 0.09/turn                (no ring)
                                 (no ring)
                                 (no ring)

@: no status effects
A: almost no armour, amphibious, 8 rings, camouflage 1, gelatinous body 1,
(nimble swimmer 1), tentacles
a: no special abilities


You were on level 1 of the Dungeon.
You visited 1 branch of the dungeon, and saw 1 of its levels.


Innate Abilities, Weirdness & Mutations

You cannot wear most types of armour.
You are amphibious.
You can wear up to eight rings at the same time.
Your skin changes colour to match your surroundings (Stealth+).
Your rubbery body absorbs attacks. (AC +1, EV +1)
((You are camouflaged when in or above water. (Stealth+)))
You have tentacles for arms and can constrict up to eight enemies at once.


   Skills:
 - Level 1.0 Fighting
 - Level 2.0 Dodging
 - Level 3.0 Unarmed Combat
 + Level 2.3 Spellcasting
 + Level 2.3 Transmutations


You had 4 spell levels left.
You knew the following spells:

 Your Spells              Type           Power      Damage    Failure   Level
a - Beastly Appendage     Tmut           16%        N/A       9%          1

Your spell library contained the following spells:

 Spells                   Type           Power      Damage    Failure   Level
 Wereblood                Tmut           8%         N/A       12%         2
 Spider Form              Tmut/Pois      5%         N/A       36%         3
 Ice Form                 Ice/Tmut       5%         N/A       78%         4

Inventory:

Potions
 a - a potion of lignification

Dungeon Overview and Level Annotations

Branches:
Dungeon (1/15) Zot: 5844

Altars:

.. .b. .... ....##
......##### ####
#.......# #..# #.
#....@..# ...#
#..#....r..# #..#
#..#.......# '..#
#..#?......# #..##.#
#..#.......# .†.##.#
#..........##
...#..###..............
####..##......#########
# #..##....#.#


You could see a bat (asleep) and a rat.


Message History

An endoplasm is nearby!
An endoplasm is nearby!
One of your tentacles grows a vicious spike.
The endoplasm quivers. 😎 MP[-1]
You lost 1 mp, and now have 2/3 mp.
A kobold comes into view. It is wielding a +0 club.
You tentacle-slap the endoplasm. Your squeeze misses the endoplasm.
The endoplasm closely misses you.
You tentacle-slap the endoplasm.
You kill the endoplasm!
Your transformation is almost over.
The helpless kobold fails to defend itself.
You tentacle-slap the kobold.
You kill the kobold!
Things that are here:
a +0 club; 4 stones; a kobold corpse No target in view!
Unknown command.
Your tentacle spike disappears.
Things that are here:
a +0 club; 4 stones; a kobold corpse A bat comes into view.
A bat is nearby!
Unknown command. 😎 MP[+1]
Your mp is fully restored (3).
A bat is nearby!
A bat is nearby!
A bat comes into view.
The bat hits you but does no damage.
There are monsters nearby!
You miss the bat. Your grab misses the bat.
The bat hits you but does no damage.
You miscast Beastly Appendage.
You are very lightly contaminated with residual magic.
Nothing appears to happen.
The bat barely misses you. x2 😎 MP[-1]
You lost 1 mp, and now have 2/3 mp.
The bat hits you but does no damage.
A rat comes into view.
The bat hits you. 😕 HP[-1]
You take 1 damage, and now have 12/13 hp.
The bat misses you.
Unknown command.
You tentacle-slap the bat.
You kill the bat!
The bat barely misses you.
You barely miss the bat. Your grab misses the bat. The bat closely misses you.
Your magical contamination has completely faded away.
The bat misses you. The bat closely misses you.
Unknown command.
The bat hits you. 😕 HP[-1]
You take 1 damage, and now have 11/13 hp.
You miss the bat. You grab the bat. You squeeze the bat.
You kill the bat!
An endoplasm comes into view.
The endoplasm quivers.
A ball python comes into view.
The rat misses you. 😕 MP[+1]
Your mp is fully restored (3).
You tentacle-slap the rat but do no damage.
Your grab misses the rat.
Your tentacle-slap misses the rat.
The rat closely misses you.
You closely miss the rat. Your grab misses the rat. You squeeze the rat.
You kill the rat!
The ball python hisses angrily.
You tentacle-slap the endoplasm but do no damage.
You squeeze the endoplasm. The endoplasm barely misses you.
You tentacle-slap the endoplasm.
You kill the endoplasm!
You have reached level 2! 😕 HP[+5] MP[+2]
You now have 18 max hp (+5).
You regained 5 hp, and now have 16/18 hp.
Your mp is fully restored (5).
You closely miss the ball python. You grab the ball python.
You squeeze the ball python. You constrict the ball python.
The ball python closely misses you. The ball python misses you.
You tentacle-slap the ball python but do no damage.
You squeeze the ball python.
You kill the ball python!
No target in view!
A rat comes into view.
Unknown command.
The rat bites you. 😕 HP[-2]
You take 2 damage, and now have 14/18 hp.
A bat comes into view.
The rat bites you. 😮 HP[-1]
You take 1 damage, and now have 13/18 hp.
You are too injured to fight recklessly!
The rat closely misses you.
You are too injured to fight recklessly!
The rat attacks as you move away! The rat bites you but does no damage.
Are you sure you want to abandon this character and quit the game? (Confirm with "yes".)

Action                   || total
-------------------------++-------
Melee: Unarmed           ||    14
       Tentacles         ||     5
       Constrict         ||     3
 Cast: Beastly Appendage ||     2
 Stab: Sleeping          ||     1
Armor: Skin              ||     4
Dodge: Dodged            ||    14

Levels and vault maps discovered:
D:1:      dpeg_arrival_renting, layout_rooms, kennysheep_small_spiral,
          serial_bayou_crossing

Notes
Turn   | Place    | Note
-------+----------+-------------------------------------------
     0 | D:1      | ytrimaz the Octopode Transmuter began the quest for the
                  | Orb.
     0 | D:1      | Reached XP level 1. HP: 13/13 MP: 3/3
     0 | D:1      | magus.rc [v1.9.6]
   147 | D:1      | Reached XP level 2. HP: 16/18 MP: 5/5
   157 | D:1      | Quit the game

Vanquished Creatures
  2 endoplasms (D:1)
  A hobgoblin (D:1)
  A ball python (D:1)
  2 bats (D:1)
  A kobold (D:1)
  A rat (D:1)
8 creatures vanquished.

Table legend:
 A = Non-vault XP
 B = Vault XP
 C = Vault XP percentage of total XP
 D = Non-vault monster count
 E = Vault monster count
 F = Vault count percentage of total count
                 A         B        C        D         E       F
            +---------+---------+-------+---------+---------+-------
      Total |      11 |       0 |   0.0 |       8 |       0 |   0.0
            +---------+---------+-------+---------+---------+-------
        D:1 |      11 |       0 |   0.0 |       8 |       0 |   0.0
            +---------+---------+-------+---------+---------+-------

Illustrated notes

Table legend:
 A = Kills in this place as a percentage of kills in entire the game.
 B = Kills by you in this place as a percentage of kills by you in the entire game.
 C = Kills by friends in this place as a percentage of kills by friends in the entire game.
 D = Other kills in this place as a percentage of other kills in the entire game.
 E = Experience gained in this place as a percentage of experience gained in the entire game.
 F = Experience gained in this place divided by the number of levels of this place that you have seen.
                   A       B       C       D       E      F
               +-------+-------+-------+-------+-------+----------------------
         Total | 100.0 | 100.0 |   N/A |   N/A | 100.0 |  11.0
       Dungeon | 100.0 | 100.0 |   N/A |   N/A | 100.0 |  11.0
               +-------+-------+-------+-------+-------+----------------------

Table legend: (Time is in decaauts)
 A = Elapsed time spent in this place.
 B = Non-inter-level travel time spent in this place.
 C = Inter-level travel time spent in this place.
 D = Time resting spent in this place.
 E = Time spent auto-exploring this place.
 F = Levels seen in this place.
 G = Mean time per level.
                   A        B        C        D        E       F      G
               +--------+--------+--------+--------+--------+-----+--------+
         Total |    156 |    156 |      0 |      0 |    109 |   1 |  156.0 |
       Dungeon |    156 |    156 |      0 |      0 |    109 |   1 |  156.0 |
               +--------+--------+--------+--------+--------+-----+--------+

Top non-repeatable levels by time:
     D:1: 156 daAuts
